 Dungeon Crawl Stone Soup version 0.20.1-1-g8b1a95d (webtiles) character file.

1826 theAP the Geomancer (level 9, -13/45 HPs)
             Began as a Gargoyle Earth Elementalist on Sept 7, 2017.
             Was a Believer of Vehumet.
             Hit by a large rock thrown by a cyclops (25 damage)
             ... on level 6 of the Dungeon.
             The game lasted 00:20:17 (5277 turns).

theAP the Geomancer (Gargoyle Earth Elementalist)   Turns: 5277, Time: 00:20:17

Health: -13/45     AC: 13    Str: 10    XL:     9   Next: 11%
Magic:  12/17      EV: 12    Int: 19    God:    Vehumet [**....]
Gold:   271        SH:  4    Dex: 10    Spells: 10/19 levels left

rFire    . . .     SeeInvis .   h - staff of earth
rCold    + . .     Gourm    .   (no shield)
rNeg     + . .     Faith    .   s - +1 robe {Archmagi}
rPois    ∞         Spirit   .   (no helmet)
rElec    +         Reflect  +   (no cloak)
rCorr    .         Harm     .   (no gloves)
MR       .....                  (no boots)
Stlth    ++........             l - +4 amulet of reflection
Regen    0.2/turn               p - +3 ring of protection
MPRegen  0.2/turn               E - ring of protection from cold

@: no status effects
A: molten scales 1, negative energy resistance 1, electricity resistance, weak
1, unbreathing, petrification resistance, rot immunity, AC +5
a: Renounce Religion


You were on level 6 of the Dungeon.
You worshipped Vehumet.
Vehumet was pleased with you.
You were not hungry.

You visited 2 branches of the dungeon, and saw 7 of its levels.

You collected 271 gold pieces.

Inventory:

Hand Weapons
 g - a +2 whip
Missiles
 b - 103 stones (quivered)
Armour
 c - a +0 robe
 s - a +1 robe of the Archmagi (worn)
Magical Staves
 h - an uncursed staff of earth (weapon)
 G - an uncursed staff of air
Jewellery
 l - a +4 amulet of reflection (around neck)
 p - a +3 ring of protection (left hand)
 E - a ring of protection from cold (right hand)
Wands
 u - a wand of flame (42/48)
 v - a wand of iceblast (4/15)
 D - a wand of acid (10/15)
Scrolls
 k - 2 scrolls of remove curse
 A - 3 scrolls of identify
 F - a scroll of teleportation
 H - a scroll of blinking {unknown}
Potions
 f - a potion of agility
 i - 3 potions of haste {unknown}
 m - 5 potions of curing
 n - 2 potions of flight
 o - 4 potions of might {unknown}
 q - 2 potions of degeneration {unknown}
 r - a potion of invisibility {unknown}
 t - a potion of lignification {unknown}
 w - 2 potions of heal wounds
 x - 2 potions of brilliance {unknown}
 B - a potion of cancellation {unknown}
Books
 e - a book of Geomancy

   Spells                             Type                      Level
   a - Sandblast                      Earth                        1
   b - Passwall                       Transmutation/Earth          2
   c - Stone Arrow                    Conjuration/Earth            3
   d - Petrify                        Transmutation/Earth          4
   e - Lee's Rapid Deconstruction     Earth                        5
 y - a book of Flames

   Spells                             Type                      Level
   a - Flame Tongue                   Conjuration/Fire             1
   b - Throw Flame                    Conjuration/Fire             2
   c - Conjure Flame                  Conjuration/Fire             3
   d - Inner Flame                    Hexes/Fire                   3
   e - Sticky Flame                   Conjuration/Fire             4
   f - Fireball                       Conjuration/Fire             5
 z - a book of Maledictions

   Spells                             Type                      Level
   a - Corona                         Hexes                        1
   b - Ensorcelled Hibernation        Hexes/Ice                    2
   c - Confuse                        Hexes                        3
   d - Tukima's Dance                 Hexes                        3
   e - Dazzling Spray                 Conjuration/Hexes            3
 C - a book of Spatial Translocations

   Spells                             Type                      Level
   a - Blink                          Translocation                2
   b - Shroud of Golubria             Charms/Translocation         2
   c - Lesser Beckoning               Translocation                3
   d - Gell's Gravitas                Translocation                3
   e - Teleport Other                 Translocation                3
   f - Passage of Golubria            Translocation                4
Comestibles
 a - 2 meat rations
 d - 6 bread rations
 j - a royal jelly


   Skills:
 + Level 3.9 Staves
 - Level 1.6 Dodging
 - Level 2.4 Stealth
 + Level 5.7 Spellcasting
 + Level 5.0 Conjurations
   Level 0.7 Transmutations
 + Level 8.1 Earth Magic
 + Level 3.6 Evocations


You had 10 spell levels left.
You knew the following spells:

 Your Spells              Type           Power        Failure   Level  Hunger
a - Sandblast             Erth           ######       1%          1    None
b - Stone Arrow           Conj/Erth      ######       2%          3    ##.....
c - Lee's Rapid Deconstr  Erth           ######....   11%         5    #####..


Dungeon Overview and Level Annotations

Branches:
Dungeon (6/15)             Temple (1/1) D:4

Altars:
Ashenzari
Cheibriados
Dithmenos
Gozag
Hepliaklqana
Kikubaaqudgha
Makhleb
Ru
Trog
Vehumet
Xom
Yredelemnul


Innate Abilities, Weirdness & Mutations

You are resistant to torment.
Your stone body is resilient. (AC +5)
You are immune to poison.
You resist negative energy. (rN+)
You are resistant to electric shocks. (rElec)
You can survive without breathing.
You are immune to petrification.
You are immune to rotting.
You are partially covered in molten scales. (AC +2)
You are weak. (Str -2)


Message History

Aim: a worker ant (heavily wounded)
You feel a strong surge of power!
The blast of sand hits the worker ant.
You kill the worker ant!
Vehumet accepts your kill.
You feel your power returning.
b - 103 stones The cyclops throws a large rock.
The large rock misses you.
Casting: Sandblast
Confirm with . or Enter, or press ? or * to list all spells.
Aiming: Lee's Rapid Deconstruction
Press: ? - help, Dir - move target cursor You feel a strong surge of power!
The wall shatters!
The blast of rock fragments hits the cyclops.
The cyclops is lightly wounded.
The cyclops throws a large rock.
The large rock hits you!!
Ouch! That really hurt!
* * * LOW HITPOINT WARNING * * *
The cyclops throws a large rock.
The large rock hits you!!
Ouch! That really hurt!
You die...

...##.#8....8#..............##.##
.####)'....).'...#..)......###.#
.# #..'......'.###.........###.##
.###..#8....8#.................##
......##8..8##.......).....####..
.......######.............#####.#
...###+# #'###...##....##.....
..## ###.#.##..##....##>.... #.#
#[##.#@#........##..... #.#
..###.#.....#..##..... #.#
#C.#.#.###....####.## ..#
#?##†#.#.#..<#.....#.## ..##
####.).C##.#.####......##
...######..######..#.# #........
..................#..####........
......##....#...#...........##.##
......####÷.................##.##


You could see a cyclops.

Vanquished Creatures
  Prince Ribbit (D:6)
  Grinder (D:5)
  3 ogres
  A necrophage (D:6)
  3 scorpions (D:4)
  4 wights (D:6)
  The ghost of darkhara the Firebug, a weakling DgFE (D:3)
  A howler monkey (D:6)
  5 hounds
  4 jellies
  An orc wizard (D:5)
  Terence (D:3)
  6 worker ants
  Natasha (thrice) (D:2)
  6 adders
  A shadow imp (D:4)
  5 worms
  4 dart slugs
  6 leopard geckos
  7 orcs
  2 ball pythons
  4 giant cockroaches
  11 goblins
  5 hobgoblins
  4 jackals (D:5)
  2 quokkas
  3 bats
  6 frilled lizards
  17 kobolds
  3 leopard gecko skeletons
  12 rats
133 creatures vanquished.

Vanquished Creatures (others)
  A plant (D:3)
1 creature vanquished.

Grand Total: 134 creatures vanquished

Notes
Turn   | Place    | Note
-------+----------+-------------------------------------------
     0 | D:1      | theAP the Gargoyle Earth Elementalist began the quest for the Orb.
     0 | D:1      | Reached XP level 1. HP: 10/10 MP: 3/3
   179 | D:1      | Reached XP level 2. HP: 15/15 MP: 3/5
   202 | D:1      | Reached skill level 4 in Earth Magic
   622 | D:1      | Reached XP level 3. HP: 19/19 MP: 3/6
  1068 | D:2      | Noticed Natasha
  1075 | D:2      | Learned a level 3 spell: Stone Arrow
  1097 | D:2      | Killed Natasha
  1097 | D:2      | Reached XP level 4. HP: 20/24 MP: 0/8
  1220 | D:2      | Noticed Natasha
  1237 | D:2      | Killed Natasha
  1237 | D:2      | Reached skill level 5 in Earth Magic
  1305 | D:2      | Noticed Natasha
  1333 | D:2      | Killed Natasha
  1333 | D:2      | Reached XP level 5. HP: 21/28 MP: 1/10
  1410 | D:2      | Gained mutation: You are weak. (Str -2) [potion of mutation]
  1410 | D:2      | Gained mutation: You are partially covered in molten scales. (AC +2) [potion of mutation]
  1585 | D:3      | Noticed darkhara's ghost (weakling DgFE)
  1653 | D:3      | Killed darkhara's ghost
  1653 | D:3      | Reached skill level 1 in Conjurations
  1764 | D:3      | Noticed Terence
  1814 | D:3      | Killed Terence
  1814 | D:3      | Reached XP level 6. HP: 25/32 MP: 1/11
  1905 | D:3      | Reached skill level 6 in Earth Magic
  2490 | D:2      | Found a hazy altar of Hepliaklqana.
  2554 | D:4      | Learned a level 5 spell: Lee's Rapid Deconstruction
  2748 | D:4      | Found a staircase to the Ecumenical Temple.
  2757 | Temple   | Entered the Ecumenical Temple
  2784 | Temple   | Became a worshipper of Vehumet
  2885 | D:4      | Reached skill level 1 in Staves
  2885 | D:4      | Reached skill level 1 in Evocations
  2885 | D:4      | Reached XP level 7. HP: 36/36 MP: 8/13
  3341 | D:4      | Found a burning altar of Makhleb.
  3362 | D:5      | Entered Level 5 of the Dungeon
  3417 | D:5      | Found a bloodstained altar of Trog.
  3424 | D:5      | Reached * piety under Vehumet
  3424 | D:5      | Offered knowledge of Flame Tongue by Vehumet.
  3604 | D:5      | Reached XP level 8. HP: 41/41 MP: 11/15
  3628 | D:5      | Reached skill level 7 in Earth Magic
  3702 | D:5      | Reached skill level 5 in Spellcasting
  4122 | D:5      | Noticed Grinder
  4131 | D:5      | Killed Grinder
  4300 | D:5      | Found a sacrificial altar of Ru.
  4303 | D:5      | Found a basalt altar of Yredelemnul.
  4484 | D:6      | Noticed Prince Ribbit
  4489 | D:6      | Killed Prince Ribbit
  4798 | D:6      | Found a large runed door.
  4802 | D:6      | Offered knowledge of Freeze by Vehumet.
  4807 | D:6      | Found a large runed door.
  4814 | D:6      | Found a large runed door.
  4814 | D:6      | Found a large runed door.
  4922 | D:6      | Reached ** piety under Vehumet
  4922 | D:6      | Reached XP level 9. HP: 45/45 MP: 9/17
  4924 | D:6      | Reached skill level 8 in Earth Magic
  5209 | D:6      | Reached skill level 5 in Conjurations
  5270 | D:6      | Noticed a cyclops
  5277 | D:6      | Hit by a large rock thrown by a cyclops

Skill      XL: |  1  2  3  4  5  6  7  8  9 |
---------------+----------------------------+-----
Earth Magic    | 4 5 6 7 8 |  8.1
Spellcasting   | 3 4 5 |  5.7
Conjurations   | 1 2 3 4 5 |  5.0
Staves         | 1 2 3 |  3.9
Evocations     | 1 2 3 |  3.6
Dodging        | |  1.6
Stealth        | |  2.4
Transmutations | |  0.7

Action                   |  1- 3 |  4- 6 |  7- 9 || total
-------------------------+-------+-------+-------++-------
Melee: Whip              |       |   131 |       ||   131
 Cast: Sandblast         |    47 |    68 |    62 ||   177
       Stone Arrow       |     1 |    11 |    23 ||    35
       Lee's Rapid Decon |       |       |     2 ||     2
  Use: Scroll            |       |    10 |     4 ||    14
       Potion            |       |     1 |       ||     1
  Eat: Chunk             |     1 |     4 |     6 ||    11
       Bread ration      |       |     1 |       ||     1
       Royal jelly       |       |       |     1 ||     1
Armor: Robe              |     5 |    28 |     6 ||    39
Dodge: Dodged            |     9 |    25 |    20 ||    54
Block: Other             |       |    14 |     4 ||    18
       Reflection        |       |     1 |     3 ||     4
